 Dungeon Crawl Stone Soup version 0.31-a0-202-g547052bce9 (webtiles) character file.

Game seed: 1116774310258611480

171 Gorgondantess the Firebug (level 5, -4/28 HPs)
             Began as a Tengu Fire Elementalist on June 26, 2023.
             Was an Initiate of Vehumet.
             Slain by Natasha (5 damage)
             ... on level 3 of the Dungeon.
             The game lasted 00:06:27 (2725 turns).

Gorgondantess the Firebug (Tengu Fire Elementalist) Turns: 2725, Time: 00:06:28

Health: -4/28      AC:  2    Str:  8    XL:     5   Next: 51%
Magic:  4/10       EV: 14    Int: 17    God:    Vehumet [......]
Gold:   12         SH:  0    Dex: 15    Spells: 7/10 levels left

rFire   . . .        l - +1 mace (protect)
rCold   . . .        (no shield)
rNeg    . . .        a - +0 robe
rPois   .            (helmet restricted)
rElec   .            (no cloak)
rCorr   +            (no gloves)
SInv    +            (boots unavailable)
Will    .....        (no amulet)
Stlth   ++           c - ring of see invisible
HPRegen 0.24/turn    t - ring of resist corrosion
MPRegen 0.12/turn

%: no passive effects
@: flying quickly and evasively, slowed, very slow
A: beak, talons 3, nimble flight
a: Renounce Religion


You were on level 3 of the Dungeon.
You worshipped Vehumet.
Vehumet was noncommittal.
You visited 1 branch of the dungeon, and saw 3 of its levels.

You collected 96 gold pieces.
You spent 84 gold pieces at shops.

Inventory:

Hand Weapons
 g - a +0 dagger
 l - a +1 mace of protection (weapon)
 m - a +1 dagger of flaming
 r - a +1 dagger of holy wrath
 s - a +1 heavy mace
 v - a +2 whip of freezing
 w - a +1 sling of flaming
Armour
 a - a +0 robe (worn)
 j - a +0 ring mail
Jewellery
 c - a ring of see invisible (left hand)
 t - a ring of resist corrosion (right hand)
Wands
 u - a wand of iceblast (4)
Scrolls
 d - 2 scrolls of vulnerability {unknown}
 e - 2 scrolls of amnesia {unknown}
 h - 2 scrolls of identify {unknown}
 i - a scroll of summoning {unknown}
 k - a scroll of fear {unknown}
 n - a scroll of teleportation {unknown}
 o - a scroll of enchant weapon {unknown}
 p - a scroll of blinking {unknown}
 q - a scroll of acquirement {unknown}
Potions
 b - a potion of magic
 f - 3 potions of curing {unknown}


   Skills:
 - Level 2.1 Dodging
 - Level 2.0 Stealth
 + Level 3.0 Spellcasting
 + Level 3.5 Conjurations
 * Level 5.2 Fire Magic


You had 7 spell levels left.
You knew the following spells:

 Your Spells              Type           Power      Damage    Failure   Level
a - Foxfire               Conj/Fire      68%        2x1d7     2%          1
b - Scorch                Fire           40%        2d6       3%          2

Your spell library contained the following spells:

 Spells                   Type           Power      Damage    Failure   Level
 Inner Flame              Hex/Fire       11%        N/A       19%         3
 Volatile Blastmotes      Fire/Tloc      22%        2d11      19%         3
 Cigotuvi's Dreadful Rot  Necr/Pois/Air  4%         N/A       26%         2
 Ignite Poison            Fire/Tmut/Pois 8%         N/A       26%         3
 Flame Wave               Conj/Fire      17%        2d7       28%         4
 Freezing Cloud           Conj/Ice/Air   3%         6-21      96%         5


Dungeon Overview and Level Annotations

Branches:
Dungeon (3/15)

Altars:
Makhleb
Vehumet

Shops:
D:3 *

Annotations:
D:3 Grinder, Natasha


Innate Abilities, Weirdness & Mutations

You have a beak for a mouth.
You have claws for feet.
Your magical nature lets you fly swiftly and evasively.


Message History

Natasha mumbles some strange words.
Casting: Scorch (safe; 3% risk of failure)
Confirm with . or Enter, or press ? or * to list all spells.
Flames lash the cerulean imp.
The cerulean imp is lightly wounded.
The cerulean imp's fire resistance burns away.
Natasha mumbles some strange words.
Unknown command.
Casting: Scorch (safe; 3% risk of failure)
Confirm with . or Enter, or press ? or * to list all spells.
Flames lash the cerulean imp.
The cerulean imp is burned terribly!
The cerulean imp is severely wounded.
The cerulean imp hits you from afar with a +2 spear.
Natasha mumbles some strange words.
The cerulean imp hits you with a +0 spear.
The cerulean imp misses you. Natasha closely misses you.
You hit Natasha.
Your weapon exudes an aura of protection.
Your kick misses Natasha. Your peck misses Natasha.
Natasha is severely wounded.
Natasha is no longer more vulnerable to fire.
The cerulean imp misses you.
The cerulean imp hits you from afar with a +2 spear.
Natasha casts a spell at you.
You feel as though you will be slow longer.
The cerulean imp hits you from afar with a +1 spear.
The cerulean imp hits you with a +0 spear.
The cerulean imp barely misses you.
The cerulean imp hits you from afar with a +1 spear.
Natasha hisses.
Natasha barely misses you.
Unknown command.
You closely miss Natasha.
Natasha is severely wounded.
The cerulean imp hits you with a +0 spear.
* * * LOW HITPOINT WARNING * * *
The cerulean imp hits you from afar with a +2 spear!
* * * LOW HITPOINT WARNING * * *
Natasha claws you.
You die...

..........5 ##................
#.......... ####..#.#####.#......
##.........##.......# #.#.#######
...............####.###.........#
##.########.##.####.[.....#####.#
.#.##.............#.###.#.# #.#
'#.##.........55(.#.###.#######.#
..............5.5.....#.#........
....)..........h@.......+...)....
........................#........
.....#####.####.####.#..#........
.....###...##.....##.#..#†.......
......##.#.#.......#..........#.#
.###.......#.......#.).##..##....
.# #......)...._.......###.##....
.# #.......#.......#...# #.######
.# ##.#.#..#.......#.### #.####..


You could see Grinder, Natasha and 3 cerulean imps.

Vanquished Creatures
  A hound (D:3)
  Natasha (twice) (D:3)
  An adder (D:2)
  2 worms (D:2)
  A dart slug (D:1)
  An orc (D:3)
  5 ball pythons
  10 bats
  3 endoplasms
  A giant cockroach (D:2)
  4 goblins
  12 hobgoblins
  9 jackals
  A quokka (D:1)
  5 frilled lizards
  7 kobolds
  5 rats
70 creatures vanquished.

Vanquished Creatures (others)
  125 foxfires
125 creatures vanquished.

Grand Total: 195 creatures vanquished

Notes
Turn   | Place    | Note
-------+----------+-------------------------------------------
     0 | D:1      | Gorgondantess the Tengu Fire Elementalist began the quest
                  | for the Orb.
     0 | D:1      | Reached XP level 1. HP: 10/10 MP: 4/4
   127 | D:1      | Reached XP level 2. HP: 15/15 MP: 1/6
   194 | D:1      | Learned a level 2 spell: Scorch
   478 | D:1      | Reached XP level 3. HP: 19/19 MP: 2/7
   483 | D:1      | Reached skill level 4 in Fire Magic
  1364 | D:2      | Found a faded altar of an unknown god.
  1372 | D:2      | Reached XP level 4. HP: 24/24 MP: 5/8
  2147 | D:3      | Found Sosey's Assorted Antiques.
  2150 | D:3      | Bought a gold wand for 84 gold pieces
  2243 | D:3      | Noticed Natasha
  2245 | D:3      | Killed Natasha
  2246 | D:3      | Reached skill level 5 in Fire Magic
  2246 | D:3      | Gained mutation: Your magical nature lets you fly swiftly
                  | and evasively. [Tengu growth]
  2246 | D:3      | Reached XP level 5. HP: 28/28 MP: 5/10
  2421 | D:3      | Found a radiant altar of Vehumet.
  2440 | D:3      | Became a worshipper of Vehumet
  2488 | D:3      | Noticed Grinder
  2538 | D:3      | Found a burning altar of Makhleb.
  2586 | D:3      | Noticed Natasha
  2590 | D:3      | Killed Natasha
  2717 | D:3      | Noticed Natasha
  2725 | D:3      | HP: 1/28 [cerulean imp/+2 spear[Natasha] (7)]
  2725 | D:3      | Slain by Natasha

Illustrated notes

Levels and vault maps discovered:
D:1:      minmay_arrival_loop, layout_loops_cross, minmay_statues_item,
          st_stairs_5, corexii_hall_statues_l, minmay_misc_feat_iff
D:2:      layout_basic, shapermc_ecumenical_altar_notcrosses
D:3:      layout_basic, old_standard_altar, lightli_temple_of_fire,
          mainiacjoe_overflow_alcove_4, serial_shops,
          nicolae_shop_tiny_waterfront, st_stairs_3, uniq_natasha, uniq_grinder

Skill      XL: |  1  2  3  4  5 |
---------------+----------------+-----
Conjurations   | 2 3 |  3.5
Fire Magic     | 4 5 |  5.2
Spellcasting   | 3 |  3.0
Dodging        | |  2.1
Stealth        | |  2.0

Action                     |  1- 3 |  4- 6 || total
---------------------------+-------+-------++-------
  Melee: Unarmed           |    15 |       ||    15
         Kick              |     6 |     4 ||    10
         Peck              |     2 |     1 ||     3
         Punch             |     1 |       ||     1
         Mace              |    12 |    19 ||    31
         Dagger            |     3 |       ||     3
   Cast: Foxfire           |    56 |    20 ||    76
         Scorch            |       |    16 ||    16
   Stab: Sleeping          |     1 |       ||     1
 Armour: Robe              |     5 |     5 ||    10
  Dodge: Dodged            |    26 |    20 ||    46

Table legend: (Time is in decaauts)
 A = Elapsed time spent in this place.
 B = Non-inter-level travel time spent in this place.
 C = Inter-level travel time spent in this place.
 D = Time resting spent in this place.
 E = Time spent auto-exploring this place.
 F = Levels seen in this place.
 G = Mean time per level.
                   A        B        C        D        E       F      G
               +--------+--------+--------+--------+--------+-----+--------+
         Total |   2708 |   2649 |     59 |      0 |   2200 |   3 |  902.7 |
       Dungeon |   2708 |   2649 |     59 |      0 |   2200 |   3 |  902.7 |
               +--------+--------+--------+--------+--------+-----+--------+

Top non-repeatable levels by time:
     D:1: 1035 daAuts
     D:2: 909 daAuts
     D:3: 763 daAuts
